 Dungeon Crawl Stone Soup version 0.31-a0-816-gd61d57ddb1 (webtiles) character file.

Game seed: 3562449377857512511

15 Essalna the Conjurer (level 2, -1/19 HPs)
             Began as a Demonspawn Conjurer on Sept 22, 2023.
             Slain by a goblin
             ... wielding a +0 dagger
             ... led by Robin
              (5 damage)
             ... on level 2 of the Dungeon.
             The game lasted 00:01:03 (328 turns).

Essalna the Conjurer (Demonspawn Conjurer)           Turns: 328, Time: 00:01:04

Health: -1/19      AC:  4    Str:  7    XL:     2   Next: 34%
Magic:  1/5        EV: 12    Int: 19    God:
Gold:   7          SH:  0    Dex: 11    Spells: 4/5 levels left

rFire   . . .        b - +0 club
rCold   . . .        (no shield)
rNeg    . . .        a - +0 robe
rPois   .            (no helmet)
rElec   .            (no cloak)
rCorr   .            (no gloves)
SInv    .            (no boots)
Will    .....        (no amulet)
Stlth   ++           (no ring)
HPRegen 0.23/turn    (no ring)
MPRegen 0.09/turn

%: no passive effects
@: no status effects
A: icy blue scales 1
a: no special abilities


You were on level 2 of the Dungeon.
You visited 1 branch of the dungeon, and saw 2 of its levels.

You collected 7 gold pieces.

Inventory:

Hand Weapons
 b - a +0 club (weapon)
Missiles
 f - 4 datura-tipped darts
Armour
 a - a +0 robe (worn)
Jewellery
 d - a ring of protection from cold
Scrolls
 c - a scroll of vulnerability {unknown}
 g - a scroll of silence {unknown}
Potions
 e - a potion of attraction {unknown}
 h - a potion of haste {unknown}


   Skills:
 - Level 1.7 Dodging
 - Level 1.7 Stealth
 + Level 2.4 Spellcasting
 + Level 4.3 Conjurations


You had 4 spell levels left.
You knew the following spells:

 Your Spells              Type           Power      Damage    Failure   Level
a - Magic Dart            Conj           72%        1d6       2%          1

Your spell library contained the following spells:

 Spells                   Type           Power      Damage    Failure   Level
 Searing Ray              Conj           36%        2d5       4%          2
 Kiss of Death            Conj/Necr      40%        2d8       7%          1
 Dazzling Flash           Conj/Hex       20%        N/A       21%         3
 Confusing Touch          Hex            2%         N/A       43%         3
 Fulminant Prism          Conj/Hex       5%         3d6       54%         4
 Iskenderun's Mystic Bla  Conj/Tloc      10%        2d4       54%         4
 Dispel Undead            Necr           2%         3d7       85%         4


Dungeon Overview and Level Annotations

Branches:
Dungeon (1/15)

Altars:

Annotations:
D:2 Robin


Innate Abilities, Weirdness & Mutations

You are partially covered in icy blue scales. (AC +2)


Message History

Items here: ))) †††.
Items here: ))) †††.
b - a +0 club (weapon)
Robin roars a battlecry!
The magic dart hits Robin.
Robin is heavily wounded.
You are out of magic!
You are out of magic!
You are out of magic!
You hit Robin but do no damage.
Robin is heavily wounded.
Robin closely misses you. x2
You closely miss Robin.
Robin is heavily wounded.
A goblin comes into view. It is wielding a +0 dagger.
Robin hits you with a +0 club.
You hit Robin.
Robin is severely wounded.
Robin hits you with a +0 club.
You hit Robin.
Robin is severely wounded.
Robin hits you with a +0 club.
You hit Robin but do no damage.
Robin is severely wounded.
Robin closely misses you. Robin throws the goblin at you!
The goblin hits you with a +0 dagger.
A goblin comes into view. It is wielding a +0 dagger.
You hit Robin.
Robin is almost dead.
Robin roars a battlecry!
The goblins go into a battle-frenzy!
The goblin hits you with a +0 dagger.
You hear a shout!
You barely miss Robin.
Robin is almost dead.
You hear a shout!
Robin hits you with a +0 club.
* * * LOW HITPOINT WARNING * * *
The goblin hits you with a +0 dagger.
You die...

###########
#..g@g.g..#
##.######.#
#.# .# #.# .#
#.# .#
####)#### ..
# #.......#
.. #.
#...###......
#.####...###
.##.


You could see Robin and 2 goblins.

Vanquished Creatures
  2 bats (D:1)
  6 goblins
  3 hobgoblins
  A ball python (D:1)
  A frilled lizard (D:1)
13 creatures vanquished.

Notes
Turn   | Place    | Note
-------+----------+-------------------------------------------
     0 | D:1      | Essalna the Demonspawn Conjurer began the quest for the
                  | Orb.
     0 | D:1      | Reached XP level 1. HP: 13/13 MP: 3/3
   212 | D:1      | You fall into a shaft and drop 1 floor!
   215 | D:2      | Gained mutation: You are partially covered in icy blue
                  | scales. (AC +2) [demonic ancestry]
   215 | D:2      | Reached XP level 2. HP: 19/19 MP: 3/5
   308 | D:2      | Noticed Robin
   328 | D:2      | Slain by a goblin

Illustrated notes

Levels and vault maps discovered:
D:1:      amcnicky_arrival_flooded_fountain, layout_basic
D:2:      layout_basic, kennysheep_nondescript, uniq_robin, uniq_jessica

Action                     || total
---------------------------++-------
  Melee: Unarmed           ||    11
         Club              ||     7
   Cast: Magic Dart        ||    25
    Use: Potion            ||     1
 Armour: Robe              ||    19
  Dodge: Dodged            ||    13

Table legend: (Time is in decaauts)
 A = Elapsed time spent in this place.
 B = Non-inter-level travel time spent in this place.
 C = Inter-level travel time spent in this place.
 D = Time resting spent in this place.
 E = Time spent auto-exploring this place.
 F = Levels seen in this place.
 G = Mean time per level.
                   A        B        C        D        E       F      G
               +--------+--------+--------+--------+--------+-----+--------+
         Total |    329 |    329 |      0 |      0 |    224 |   2 |  164.5 |
       Dungeon |    329 |    329 |      0 |      0 |    224 |   2 |  164.5 |
               +--------+--------+--------+--------+--------+-----+--------+

Top non-repeatable levels by time:
     D:1: 212 daAuts
     D:2: 117 daAuts
